 Dungeon Crawl Stone Soup version 0.29-a0-360-g8ed1089bbe (webtiles) character file.

Game seed: 10819043237631123368

165 Zeldest the Magician (level 5, 0/40 HPs)
             Began as a Djinni Warper on Apr 28, 2022.
             Was an Initiate of Ru.
             Slain by a gnoll
             ... wielding a +0 halberd
              (15 damage)
             ... on level 4 of the Dungeon.
             The game lasted 00:04:02 (3271 turns).

Zeldest the Magician (Djinni Warper)                Turns: 3271, Time: 00:04:02

Health: 0/40       AC:  4    Str: 10    XL:     5   Next: 74%
Gold:   64         EV: 12    Int: 16    God:    Ru [......] SH:  0 Dex: 13

rFire   + + .      SeeInvis .   o - +4 flail
rCold   x . .      Faith    .   (no shield)
rNeg    . . .      Spirit   .   l - +1 robe of Wemac {Slay+5}
rPois   ∞          Reflect  .   (no helmet)
rElec   .          Harm     .   c - +0 cloak
rCorr   +          Rampage  .   (no gloves)
Will    .....                   (boots unavailable)
Stlth   +.........              (no amulet)
HPRegen 0.13/turn               h - ring of resist corrosion
MPRegen 0.00/turn               (no ring)

@: flying
A: sickness immunity, fire resistance 2, cold vulnerability 1, float, innate
caster, HP casting, extra vitality 1
a: Renounce Religion


You were on level 4 of the Dungeon.
You worshipped Ru.
Ru was noncommittal.
You visited 1 branch of the dungeon, and saw 4 of its levels.

You collected 64 gold pieces.

Inventory:

Hand Weapons
 a - a +0 hand axe
 o - a +4 flail (weapon)
Missiles
 d - 7 boomerangs of dispersal (quivered)
Armour
 b - a +0 leather armour
 c - a +0 cloak (worn)
 l - the +1 robe of Wemac (worn) {Slay+5}
   (You found it on level 2 of the Dungeon)

   Slay:      It affects your accuracy & damage with ranged weapons and melee
   (+5).
Jewellery
 h - a ring of resist corrosion (left hand)
Scrolls
 e - 6 scrolls of identify {unknown}
 k - a scroll of enchant armour {unknown}
 n - a scroll of amnesia {unknown}
 q - a scroll of silence {unknown}
Potions
 f - a potion of mutation {unknown}
 g - 3 potions of curing {unknown}
 i - 2 potions of flight {unknown}
 j - 2 potions of berserk rage {unknown}
 m - a potion of ambrosia {unknown}
 p - 3 potions of lignification {unknown}


   Skills:
 + Level 3.2 Fighting
 + Level 2.5 Axes
 - Level 0.7 Throwing
 - Level 1.0 Armour
 - Level 2.1 Dodging
 * Level 3.7 Spellcasting


You couldn't memorise any spells.
You knew the following spells:

 Your Spells              Type           Power      Damage    Failure   Level
a - Blink                 Tloc           28%        N/A       6%          2
b - Lesser Beckoning      Tloc           14%        N/A       12%         3
c - Gell's Gravitas       Tloc           14%        N/A       12%         3
d - Teleport Other        Tloc           14%        N/A       12%         3
e - Manifold Assault      Tloc           14%        N/A       71%         5
f - Slow                  Hex            56%        N/A       3%          1
g - Ensorcelled Hibernat  Hex/Ice        28%        N/A       6%          2
Your spell library was empty.

Dungeon Overview and Level Annotations

Branches:
Dungeon (4/15)
 Temple: D:4-7

Altars:
Ru
Wu Jian


Innate Abilities, Weirdness & Mutations

You are immune to sickness and miasma.
You are immune to poison.
Your flesh is very heat resistant. (rF++)
You are vulnerable to cold. (rC-)
You float through the air rather than walking.
You learn spells naturally, not from books.
Your magical power is your life essence.
You have superior vitality. (+4 MHP)


Message History

Your Fighting skill increases to level 3!
You have reached level 5!
The power to cast Ensorcelled Hibernation wells up from within.
Spell assigned to 'g'.
You start resting.
Done exploring.
Done exploring.
Done exploring.
You start resting.
HP restored.
There is a stone staircase leading down here.
You fly downwards.
There is a stone staircase leading up here.
Found a stone staircase leading down.
q - a scroll labelled XEG YPOEQ LUOC A gnoll comes into view.
It is wielding a +0 halberd.
The gnoll shouts!
A gnoll is nearby!
A gnoll comes into view. It is wielding a +0 halberd.
The gnoll shouts!
You hear a shout!
The gnoll barely misses you.
You sock the gnoll!
The gnoll is severely wounded.
A gnoll comes into view. It is wielding a +0 halberd.
The gnoll closely misses you.
The gnoll hits you from afar with a +0 halberd!
You hit the gnoll.
You kill the gnoll!
The gnoll barely misses you. The gnoll completely misses you.
The gnoll barely misses you.
You see here a +0 halberd.
You thump the gnoll!
The gnoll is almost dead.
The gnoll hits you from afar with a +0 halberd!
The gnoll hits you with a +0 halberd.
You sock the gnoll!
You kill the gnoll!
The gnoll completely misses you.
The gnoll hits you from afar with a +0 halberd!
You die...

#.....#
#.#.### #.#.#
#.#.# #.#.#
#.#.# # #.#.#
####.####.#.#
#...g)@...#
#.....#####
.......
≈≈≈≈...
...≈.#.
##.≈### #.≈
#.


You could see a gnoll.

Vanquished Creatures
  Pargi (D:3)
  2 gnolls (D:4)
  An adder (D:3)
  3 endoplasms
  3 giant cockroaches
  3 hobgoblins
  2 quokkas (D:2)
  7 ball pythons
  6 bats
  16 frilled lizards
  4 goblins
  4 kobolds
  6 rats
58 creatures vanquished.

Vanquished Creatures (others)
  5 plants (D:2)
5 creatures vanquished.

Grand Total: 63 creatures vanquished

Notes
Turn   | Place    | Note
-------+----------+-------------------------------------------
     0 | D:1      | Zeldest the Djinni Warper began the quest for the Orb.
     0 | D:1      | Reached XP level 1. HP: 18/18 MP: 0/0
   421 | D:1      | Reached XP level 2. HP: 23/23 MP: 0/0
  1578 | D:2      | Reached XP level 3. HP: 28/28 MP: 0/0
  1578 | D:2      | Learned a level 1 spell: Slow
  1663 | D:2      | Found a sacrificial altar of Ru.
  1670 | D:2      | Became a worshipper of Ru the Awakened
  1683 | D:2      | Identified the +1 robe of Wemac {Slay+5}
  2415 | D:3      | Reached XP level 4. HP: 26/34 MP: 0/0
  2477 | D:3      | Noticed Pargi
  2893 | D:3      | Found an ornate altar of the Wu Jian Council.
  2981 | D:3      | Killed Pargi
  2982 | D:3      | Reached XP level 5. HP: 6/40 MP: 0/0
  2982 | D:3      | Learned a level 2 spell: Ensorcelled Hibernation
  3271 | D:4      | Slain by a gnoll

Illustrated notes

Levels and vault maps discovered:
D:1:      lemuel_arrival_broad_hall, layout_loops_ring
D:2:      layout_basic, basic_altar, minmay_lizard_king
D:3:      layout_rooms, pdpol_wu_jian_five_deadly_venoms,
          kennysheep_generic_room_15, uniq_pargi
D:4:      layout_basic, mainiacjoe_overflow_small_starburst,
          nicolae_overflow_squiral

Skill      XL: |  1  2  3  4 |
---------------+-------------+-----
Axes           | 2 |  2.5
Spellcasting   | 3 |  3.7
Fighting       | 3 |  3.2
Throwing       | |  0.7
Armour         | |  1.0
Dodging        | |  2.1

Action                   |  1- 3 |  4- 6 || total
-------------------------+-------+-------++-------
Melee: Hand axe          |   130 |    17 ||   147
       Flail             |       |    17 ||    17
 Cast: Slow              |       |     2 ||     2
       Gell's Gravitas   |       |     1 ||     1
Invok: Reject Sacrifices |       |     1 ||     1
  Use: Scroll            |       |     1 ||     1
Armor: Leather armour    |    20 |       ||    20
       Robe              |    13 |    15 ||    28
Dodge: Dodged            |    94 |    40 ||   134

Table legend: (Time is in decaauts)
 A = Elapsed time spent in this place.
 B = Non-inter-level travel time spent in this place.
 C = Inter-level travel time spent in this place.
 D = Time resting spent in this place.
 E = Time spent auto-exploring this place.
 F = Levels seen in this place.
 G = Mean time per level.
                   A        B        C        D        E       F      G
               +--------+--------+--------+--------+--------+-----+--------+
         Total |   3305 |   3205 |    100 |   1379 |   1350 |   4 |  826.2 |
       Dungeon |   3305 |   3205 |    100 |   1379 |   1350 |   4 |  826.2 |
               +--------+--------+--------+--------+--------+-----+--------+

Top non-repeatable levels by time:
     D:1: 1461 daAuts
     D:2: 1192 daAuts
     D:3: 626 daAuts
     D:4: 24 daAuts
